 Dungeon Crawl Stone Soup version 0.17.0-25-gefc9c12 (webtiles) character file.

77494 Kidiri the Blocker (level 15, -2/96 HPs)
             Began as a Gargoyle Fighter on Nov 17, 2015.
             Was a High Priest of Okawaru.
             Engulfed by a merfolk aquamancer's steam (14 damage)
             ... on level 1 of the Shoals on Nov 18, 2015.
             The game lasted 01:50:23 (25190 turns).

Kidiri the Blocker (Gargoyle Fighter)              Turns: 25190, Time: 01:50:24

Health: -2/96      AC: 36    Str: 31    XL:     15   Next: 57%
Magic:  7/7        EV: 12    Int:  9    God:    Okawaru [*****.]
Gold:   1705       SH: 14    Dex: 16    Spells: 0 memorised, 14 levels left

rFire  . . .     SeeInvis +     V - +10 flail of the Exiled Seas {antimagic, rPois Int-2 SInv}
rCold  . . .     Clarity  +     U - +1 chain mail of Urir {Int+2 SInv}
rNeg   + . .     SustAt   .     c - +0 shield
rPois  ∞         Gourm    .     q - +1 hat "Vuefefre" {rPois Str+3 Slay+2}
rElec  +         Spirit   .     N - +1 cloak
rCorr  .         Warding  .     T - +1 pair of gloves {Dex+3}
rMut   .         Stasis   .     p - +2 pair of boots {Stlth+}
MR     +....                    (no amulet)
Stlth  +.........               F - +6 ring of dexterity
                                a - +2 ring of protection

@: flying, somewhat resistant to hostile enchantments, very unstealthy
A: big wings, claws 1, clarity, clumsy 1, negative energy resistance 1,
electricity resistance, strong 1, unbreathing, evolution 1, petrification
resistance, rot immunity, AC +11
a: Stop Flying, Heroism, Finesse, Renounce Religion


You were on level 1 of the Shoals.
You worshipped Okawaru.
Okawaru was extremely pleased with you.
You were not hungry.

You visited 5 branches of the dungeon, and saw 23 of its levels.

You collected 2514 gold pieces.
You spent 809 gold pieces at shops.

Inventory:

Hand Weapons
 k - the +0 morningstar "Kufoji" {flame, Str+2 Dex+2}
   (You bought it in a shop on level 4 of the Orcish Mines)

   It has been specially enchanted to burn those struck by it, causing extra
   injury to most foes and up to half again as much damage against particularly
   susceptible opponents.
   It affects your strength (+2).
   It affects your dexterity (+2).
 V - the +10 flail of the Exiled Seas (weapon) {antimagic, rPois Int-2 SInv}
   (You found it on level 6 of the Lair of Beasts)

   It disrupts the flow of magical energy around spellcasters and certain
   magical creatures (including the wielder).
   It affects your intelligence (-2).
   It protects you from poison.
   It lets you see invisible.
Missiles
 m - 3 tomahawks of returning
 r - 14 steel javelins
 y - 41 tomahawks (quivered)
 A - 4 tomahawks of dispersal
 G - 3 throwing nets
 K - 19 javelins of returning
 P - 5 poisoned tomahawks
 Q - 4 silver tomahawks
 R - 11 javelins of penetration
 Y - 4 exploding tomahawks
Armour
 c - a +0 shield (worn)
 p - a +2 pair of boots of stealth (worn)
 q - the +1 hat "Vuefefre" (worn) {rPois Str+3 Slay+2}
   (You found it on level 8 of the Lair of Beasts)

   It affects your strength (+3).
   It affects your accuracy and damage with ranged weapons and melee attacks
   (+2).
   It protects you from poison.
 N - a +1 cloak (worn)
 T - a +1 pair of gloves of dexterity (worn)
 U - the +1 chain mail of Urir (worn) {Int+2 SInv}
   (You found it on level 4 of the Lair of Beasts)

   It affects your intelligence (+2).
   It lets you see invisible.
Jewellery
 a - a +2 ring of protection (left hand)
 E - an uncursed ring of teleportation
 F - a +6 ring of dexterity (right hand)
 L - an uncursed ring of ice
Scrolls
 b - 5 scrolls of teleportation
 i - 6 scrolls of remove curse
 o - a scroll of acquirement
 u - 2 scrolls of fog
 B - 3 scrolls of magic mapping
 D - a scroll of recharging
 W - a scroll of amnesia
Potions
 g - 3 potions of invisibility
 h - 8 potions of curing
 j - a potion of cancellation
 l - a potion of resistance
 w - a potion of berserk rage
 C - 4 potions of haste
 M - a potion of agility
 S - a potion of might
 X - a potion of cure mutation
Comestibles
 d - 7 chunks of flesh
 n - 14 bread rations
 z - 8 slices of pizza


   Skills:
 * Level 12.2 Fighting
 * Level 11.2 Maces & Flails
 + Level 7.5 Throwing
 * Level 12.1 Armour
 + Level 6.4 Dodging
 + Level 9.2 Stealth
 * Level 12.4 Shields
 + Level 8.5 Invocations
 + Level 5.3 Evocations


You had 14 spell levels left.
You didn't know any spells.

Dungeon Overview and Level Annotations

Branches:
Dungeon (9/15)             Temple (1/1) D:5            Lair (8/8) D:8
 Shoals (1/4) Lair:3        Snake (0/4) Lair:4        Slime (0/6) Lair:8
    Orc (4/4) D:9             Elf (0/3) Orc:4

Altars:
Ashenzari
Cheibriados
Dithmenos
Elyvilon
Fedhas
Gozag
Kikubaaqudgha
Makhleb
Nemelex Xobeh
Okawaru
Qazlal
Ru
Sif Muna
Trog
Vehumet
Xom
Yredelemnul
Zin
The Shining One
Beogh
Jiyva

Shops:
D:7 *   Orc:4 ([:*

Portals:
Hell: Lair:8

Annotations:
Shoals:1 M4edhros's ghost, adept OpAr


Innate Abilities, Weirdness & Mutations

You are resistant to torment.
Your stone body is resilient (AC +11).
You are immune to poison.
Your large and strong wings let you fly indefinitely.
You resist negative energy.
You are resistant to electric shocks.
You can survive without breathing.
You are immune to petrification.
You are immune to rotting.
You have sharp fingernails.
You possess an exceptional clarity of mind.
You are clumsy. (Dex -2)
Your muscles are strong. (Str +2)
You evolve.


Message History

You are knocked back by the great wave of water.
The wave splashes down.
You hear a shout!
You hear an angry hiss.
You hear a shout!
Unknown command.
Drink which item? (? for menu, Esc to quit)
You feel much better.
M4edhros's ghost (adept Octopode Artificer) comes into view.
It is wielding a weapon of venom.
Unknown command.
The merfolk aquamancer gestures at you while chanting.
The ball of steam hits you!
* * * LOW HITPOINT WARNING * * *
Unknown command.
Unknown command.
Read which item? (? for menu, Esc to quit)
As you read the scroll of fear, it crumbles to dust.
You assume a fearsome visage.
The merfolk aquamancer looks frightened!
M4edhros's ghost is unaffected.
You are engulfed in a cloud of scalding steam.
You die...

.......)†(........
.........).≈≈≈.....
..≈.......≈≈♣≈≈≈..≈
≈≈≈≈≈!≈≈≈.......≈≈♣♣≈≈≈≈≈
≈≈≈≈≈≈.......^..≈♣.♣≈≈≈≈≈
..≈≈≈≈≈.≈.......≈.[≈≈≈..≈
...≈≈≈≈≈≈W....m.≈.♣≈≈.##.
..≈≈≈.≈≈≈≈...§..≈.≈≈.≈#
≈≈≈≈≈≈≈≈≈≈...@....≈..≈#
≈≈≈≈≈≈≈≈≈≈...)[.....)≈#
≈≈≈≈≈≈≈≈≈≈...........>#
≈≈≈≈≈≈≈≈≈≈≈..).......P.≈.
≈%≈≈≈≈≈≈≈≈≈.........PP≈PP≈.
.≈≈≈≈≈≈≈≈≈.....#####.≈PP≈..
..≈?≈≈≈≈≈≈≈...## ≈≈PP.≈.
#..≈≈≈≈≈≈≈≈..# ≈≈.
#...≈≈≈≈≈≈..## ..


You could see a merfolk aquamancer (fleeing) and M4edhros's ghost.

Vanquished Creatures
  An orc warlord (Orc:4)
  An ettin (Orc:4)
  Snorg (Lair:8)
  12 hydras
  12 death yaks (Lair:8)
  A tengu warrior (Shoals:1)
  Sonja (Lair:1)
  An orc high priest (Orc:4)
  A sun demon (Lair:8)
  3 harpies (Shoals:1)
  Pikel (D:7)
  A wizard (Lair:8)
  A griffon (Lair:6)
  4 orc knights
  3 orc sorcerers
  20 elephants
  A manticore (Shoals:1)
  3 fauns (Shoals:1)
  4 orange demons (Lair:8)
  An eye of devastation (shapeshifter) (D:9)
  A black mamba (shapeshifter) (D:9)
  Psyche (Lair:1)
  A torpor snail (Lair:6)
  A smoke demon (Lair:8)
  4 black mambas
  15 spiny frogs
  A hellwing (Lair:8)
  14 komodo dragons
  3 fire drakes
  The ghost of Raultor the Cutter, a novice VSBe of Trog (D:6)
  3 blue devils (Lair:8)
  A red devil (Lair:8)
  A tengu conjurer (Shoals:1)
  5 trolls
  2 merfolk (Shoals:1)
  A snapping turtle (Shoals:1)
  3 blink frogs (Lair:5)
  A boulder beetle (Lair:8)
  2 water elementals (Shoals:1)
  Sigmund (Lair:1)
  2 basilisks
  A wyvern (Lair:7)
  24 yaks
  9 hippogriffs
  A hog (D:7)
  Eustachio (D:5)
  19 wolves
  5 humans
  Edmund (D:5)
  4 wargs
  5 nagas (Lair:4)
  13 porcupines
  21 water moccasins
  2 hell hounds (Lair:8)
  30 orc warriors
  An ice beast (D:5)
  An eye of draining (D:9)
  2 phantoms
  10 ogres
  A slave (D:7)
  23 crocodiles
  A necrophage (D:8)
  2 centaurs
  5 big kobolds (D:9)
  A gnoll sergeant (D:9)
  26 giant frogs
  5 scorpions
  3 electric eels (Lair:2)
  The ghost of heinrich the Insei, a weakling DgTm (D:3)
  7 hounds
  3 centaur zombies
  5 crimson imps
  26 orc priests
  4 giant frog skeletons
  3 giant frog zombies
  9 iguanas
  2 jellies
  Natasha (D:4)
  31 orc wizards
  8 worker ants
  23 sheep
  A hound zombie (D:6)
  A worker ant zombie (D:9)
  14 adders
  14 gnolls
  72 river rats
  2 shadow imps
  2 oozes
  2 adder skeletons
  7 worms
  6 giant geckos
  195 orcs
  12 giant cockroaches
  6 hobgoblins
  4 jackals
  3 quokkas
  A ball python (D:3)
  8 bats
  2 giant gecko skeletons
  5 giant newts
  14 goblins
  37 kobolds
  5 rats
  2 fungi (Lair:8)
  3 plants (D:9)
895 creatures vanquished.

Vanquished Creatures (others)
  A water elemental (Shoals:1)
  A phantom (D:7)
  An ogre (D:7)
  A centaur skeleton (D:5)
  An orc wizard (Orc:2)
  A hound zombie (D:7)
  A river rat (Lair:2)
  A quokka (D:7)
  37 fungi
  12 plants
57 creatures vanquished.

Grand Total: 952 creatures vanquished

Notes
Turn   | Place    | Note
--------------------------------------------------------------
     0 | D:1      | Kidiri the Gargoyle Fighter began the quest for the Orb.
     0 | D:1      | Reached XP level 1. HP: 14/14 MP: 1/1
   169 | D:1      | Reached XP level 2. HP: 19/19 MP: 2/2
   606 | D:1      | Reached XP level 3. HP: 23/23 MP: 3/3
  1034 | D:2      | Reached skill level 4 in Fighting
  1263 | D:2      | Reached skill level 1 in Stealth
  1263 | D:2      | Reached XP level 4. HP: 29/29 MP: 4/4
  1618 | D:3      | Reached XP level 5. HP: 13/33 MP: 5/5
  2100 | D:3      | Reached skill level 1 in Dodging
  2370 | D:3      | Noticed heinrich's ghost (weakling DgTm)
  2384 | D:3      | Killed heinrich's ghost
  2384 | D:3      | Reached XP level 6. HP: 29/39 MP: 6/6
  3443 | D:4      | Found a blossoming altar of Fedhas.
  3443 | D:4      | Found an opulent altar of Gozag.
  3443 | D:4      | Found a shadowy altar of Dithmenos.
  3448 | D:4      | Found a sacrificial altar of Ru.
  3451 | D:4      | Found a snail-covered altar of Cheibriados.
  3451 | D:4      | Found a shattered altar of Ashenzari.
  3451 | D:4      | Found a sparkling altar of Nemelex Xobeh.
  3453 | D:4      | Found an iron altar of Okawaru.
  3494 | D:4      | Became a worshipper of Warmaster Okawaru
  3611 | D:4      | Noticed Natasha
  3623 | D:4      | Killed Natasha
  3623 | D:4      | Reached skill level 1 in Throwing
  3764 | D:4      | Got a smoking whip
  3765 | D:4      | Identified the +7 whip of Poriufaq {flame, rN+} (You found it on level 4 of the Dungeon)
  4027 | D:4      | Reached XP level 7. HP: 19/44 MP: 7/7
  4462 | D:5      | Entered Level 5 of the Dungeon
  4471 | D:5      | Noticed Eustachio
  4500 | D:5      | Killed Eustachio
  4500 | D:5      | Reached skill level 5 in Fighting
  4500 | D:5      | Reached skill level 5 in Armour
  4500 | D:5      | Reached skill level 1 in Invocations
  4647 | D:5      | Found a staircase to the Ecumenical Temple.
  4657 | Temple   | Entered the Ecumenical Temple
  4922 | D:5      | Noticed Edmund
  4934 | D:5      | Killed Edmund
  4934 | D:5      | Reached * piety under Okawaru
  4994 | D:5      | Reached skill level 5 in Shields
  4994 | D:5      | Reached XP level 8. HP: 49/49 MP: 7/9
  5148 | D:5      | Identified a scroll of acquirement
  5827 | D:6      | Found a shadowy altar of Dithmenos.
  6187 | D:6      | Reached ** piety under Okawaru
  6187 | D:6      | Reached skill level 5 in Maces & Flails
  6341 | D:6      | Reached skill level 6 in Fighting
  6404 | D:6      | Noticed Raultor's ghost (novice VSBe)
  6409 | D:6      | Killed Raultor's ghost
  6409 | D:6      | Reached XP level 9. HP: 55/55 MP: 10/10
  6796 | D:7      | Found Beetuab's Assorted Antiques.
  6876 | D:7      | Found a white marble altar of Elyvilon.
  7109 | D:7      | Noticed Pikel
  7133 | D:7      | Killed Pikel
  7295 | D:7      | Found a snail-covered altar of Cheibriados.
  7606 | D:7      | Reached *** piety under Okawaru
  7606 | D:7      | Reached skill level 7 in Armour
  7620 | D:7      | Reached XP level 10. HP: 46/63 MP: 12/12
  8371 | D:8      | Found a staircase to the Lair.
  8433 | D:8      | Reached skill level 5 in Stealth
  8670 | D:8      | Received a gift from Okawaru
  9946 | Lair:1   | Entered Level 1 of the Lair of Beasts
  9973 | Lair:1   | Noticed a seven-headed hydra
  9982 | Lair:1   | Killed a seven-headed hydra
  9982 | Lair:1   | Reached **** piety under Okawaru
  9992 | Lair:1   | Reached skill level 8 in Fighting
 10167 | Lair:1   | Noticed Sonja
 10192 | Lair:1   | Killed Sonja
 10286 | Lair:1   | Noticed Sigmund
 10287 | Lair:1   | Noticed Psyche
 10296 | Lair:1   | Reached XP level 11. HP: 68/68 MP: 14/14
 10312 | Lair:1   | Killed Psyche
 10319 | Lair:1   | Reached ***** piety under Okawaru
 10330 | Lair:1   | Killed Sigmund
 10607 | Lair:1   | Received a gift from Okawaru
 10607 | Lair:1   | Reached skill level 5 in Invocations
 10612 | Lair:1   | Got a brightly glowing dire flail {god gift}
 10618 | Lair:1   | Identified the +1 dire flail "Ebiaf" {venom, Str+4} (Okawaru gifted it to you on level 1 of the Lair of Beasts)
 11218 | Lair:2   | Noticed a four-headed hydra
 11227 | Lair:2   | Killed a four-headed hydra
 11257 | Lair:2   | Gained mutation: You are clumsy. (Dex -2) [potion of mutation]
 11257 | Lair:2   | Gained mutation: You possess an exceptional clarity of mind. [potion of mutation]
 11257 | Lair:2   | Gained mutation: Your large and strong wings let you fly indefinitely. [potion of mutation]
 11303 | Lair:2   | Reached skill level 9 in Fighting
 11869 | Lair:3   | Found a staircase to the Shoals.
 11946 | Lair:3   | Received a gift from Okawaru
 12417 | Lair:3   | Reached skill level 1 in Evocations
 12417 | Lair:3   | Reached XP level 12. HP: 74/76 MP: 16/16
 13226 | Lair:4   | Noticed an eight-headed hydra
 13233 | Lair:4   | Killed an eight-headed hydra
 13233 | Lair:4   | Reached skill level 5 in Throwing
 13556 | Lair:4   | Got a jewelled chain mail
 13570 | Lair:4   | Identified the cursed +1 chain mail of Urir {Int+2 SInv} (You found it on level 4 of the Lair of Beasts)
 13647 | Lair:4   | Found a staircase to the Snake Pit.
 13896 | Lair:4   | Reached skill level 10 in Fighting
 14253 | Lair:5   | Received a gift from Okawaru
 14320 | Lair:5   | Noticed a four-headed hydra
 14486 | Lair:5   | Killed a four-headed hydra
 14524 | Lair:5   | Noticed a six-headed hydra
 14532 | Lair:5   | Killed a six-headed hydra
 14532 | Lair:5   | Reached skill level 10 in Shields
 14670 | Lair:5   | Reached skill level 5 in Dodging
 14670 | Lair:5   | Reached XP level 13. HP: 82/82 MP: 10/17
 15202 | Lair:6   | Reached skill level 10 in Armour
 15259 | Lair:6   | Received a gift from Okawaru
 15286 | Lair:6   | Got a jewelled flail
 15287 | Lair:6   | Identified the +10 flail of the Exiled Seas {antimagic, rPois Int-2 SInv} (You found it on level 6 of the Lair of Beasts)
 15437 | Lair:6   | Upgraded the game from 0.17.0-24-gcfadda4 to 0.17.0-25-gefc9c12
 16459 | Lair:7   | Reached skill level 10 in Maces & Flails
 16616 | Lair:7   | Received a gift from Okawaru
 16630 | Lair:7   | Reached skill level 11 in Fighting
 16656 | Lair:7   | Received a gift from Okawaru
 17315 | Lair:8   | Entered Level 8 of the Lair of Beasts
 17334 | Lair:8   | Mutation became permanent: Your large and strong wings let you fly indefinitely. [Gargoyle growth]
 17334 | Lair:8   | Reached XP level 14. HP: 45/90 MP: 5/19
 17675 | Lair:8   | Noticed Snorg
 17691 | Lair:8   | Killed Snorg
 17691 | Lair:8   | Received a gift from Okawaru
 17881 | Lair:8   | Received a gift from Okawaru
 18632 | Lair:8   | Received a gift from Okawaru
 18919 | Lair:8   | Found a viscous altar of Jiyva.
 18919 | Lair:8   | Found a staircase to the Slime Pits.
 19230 | Lair:8   | Found a burning altar of Makhleb.
 19285 | Lair:8   | Found a gateway to Hell.
 19295 | Lair:8   | Got a polished hat
 19328 | Lair:8   | Identified the +1 hat "Vuefefre" {rPois Str+3 Slay+2} (You found it on level 8 of the Lair of Beasts)
 20709 | D:9      | Reached XP level 15. HP: 82/96 MP: 7/21
 20976 | D:9      | Found a bloodstained altar of Trog.
 20977 | D:9      | Found a glowing golden altar of the Shining One.
 20977 | D:9      | Found a radiant altar of Vehumet.
 21019 | D:9      | Found a staircase to the Orcish Mines.
 21189 | D:9      | Found a shimmering altar of Xom.
 21189 | D:9      | Found a shimmering altar of Xom.
 21190 | D:9      | Found a shimmering altar of Xom.
 21190 | D:9      | Found a shimmering altar of Xom.
 21191 | D:9      | Found a shimmering altar of Xom.
 21191 | D:9      | Found a shimmering altar of Xom.
 21191 | D:9      | Found a shimmering altar of Xom.
 21192 | D:9      | Found a shimmering altar of Xom.
 21200 | D:9      | Found a shimmering altar of Xom.
 21252 | D:9      | Reached skill level 12 in Fighting
 21288 | D:9      | Gained mutation: Your muscles are strong. (Str +2) [mutagenic meat]
 21289 | D:9      | Gained mutation: You have sharp fingernails. [mutagenic meat]
 21290 | D:9      | Gained mutation: You evolve. [mutagenic meat]
 21463 | Orc:1    | Entered Level 1 of the Orcish Mines
 22396 | Orc:1    | Received a gift from Okawaru
 23024 | Orc:3    | Found a bloodstained altar of Trog.
 23151 | Orc:4    | Entered Level 4 of the Orcish Mines
 23151 | Orc:4    | Found a staircase to the Elven Halls.
 23402 | Orc:4    | Reached skill level 5 in Evocations
 23533 | Orc:4    | Found a roughly hewn altar of Beogh.
 24095 | Orc:4    | Found Humaf's Antique Weapon Shop.
 24142 | Orc:4    | Found Fumnav's Antique Armour Shop.
 24152 | Orc:4    | Found Qoony's General Store.
 24175 | Orc:4    | Found Uckuufoi's Book Shop.
 24203 | Orc:4    | Bought 2 potions of heal wounds for 130 gold pieces
 24237 | Orc:4    | Bought a crude chain mail for 247 gold pieces
 24237 | Orc:4    | Bought a distressingly furry scale mail for 234 gold pieces
 24247 | Orc:4    | Identified the cursed +0 chain mail of Weirdness {MR+} (You bought it in a shop on level 4 of the Orcish Mines)
 24268 | Orc:4    | Identified the cursed +1 scale mail of Weirdness {rElec rN+ Dex-3} (You bought it in a shop on level 4 of the Orcish Mines)
 24297 | Orc:4    | Bought a faintly glowing morningstar for 198 gold pieces
 24297 | Orc:4    | Identified the cursed +0 morningstar "Kufoji" {flame, Str+2 Dex+2} (You bought it in a shop on level 4 of the Orcish Mines)
 24350 | Orc:4    | Received a gift from Okawaru
 24446 | Orc:4    | Found a bloodstained altar of Trog.
 24450 | Orc:4    | Found a roughly hewn altar of Beogh.
 25045 | Shoals:1 | Entered Level 1 of the Shoals
 25104 | Shoals:1 | Received a gift from Okawaru
 25188 | Shoals:1 | Noticed M4edhros's ghost (adept OpAr)
 25190 | Shoals:1 | Engulfed by a merfolk aquamancer's steam

Action                   |  1- 3 |  4- 6 |  7- 9 | 10-12 | 13-15 || total
-------------------------+-------+-------+-------+-------+-------++-------
Melee: Flail             |   117 |   205 |   219 |   835 |  1604 ||  2980
       Whip              |       |    22 |    45 |       |       ||    67
 Fire: Blowgun           |       |     2 |     5 |     3 |       ||    10
Throw: Tomahawk          |       |       |     4 |    46 |    46 ||    96
       Throwing net      |       |       |       |     2 |       ||     2
       Javelin           |       |       |       |       |    30 ||    30
Invok: Heroism           |       |       |       |     9 |    23 ||    32
       Finesse           |       |       |       |     5 |     4 ||     9
 Abil: Fly               |       |       |       |       |     1 ||     1
Evoke: Wand              |       |       |       |       |     1 ||     1
  Use: Scroll            |     7 |     2 |     9 |    16 |    10 ||    44
       Potion            |       |       |       |     1 |     7 ||     8
 Stab: Sleeping          |       |       |     5 |     5 |     7 ||    17
       Distracted        |       |       |     1 |     1 |     3 ||     5
       Held in net/web   |       |       |       |     1 |       ||     1
  Eat: Chunk             |     1 |     2 |     9 |     9 |     9 ||    30
       Bread ration      |       |     2 |       |       |       ||     2
       Beef jerky        |       |       |     1 |     4 |     2 ||     7
       Meat ration       |       |       |       |     2 |     4 ||     6
       Fruit             |       |       |       |       |     6 ||     6
       Royal jelly       |       |       |       |       |     1 ||     1
       Pizza             |       |       |       |       |     1 ||     1
